 Dungeon Crawl Stone Soup version 0.19-a0-414-g76fec5b (webtiles) character file.

2 Duffy the Shield-Bearer (level 1, 14/14 HPs)
             Began as a Gargoyle Fighter on May 31, 2016.
             Quit the game on level 1 of the Dungeon.
             The game lasted 00:00:25 (245 turns).

Duffy the Shield-Bearer (Gargoyle Fighter)           Turns: 245, Time: 00:00:26

Health: 14/14      AC:  9    Str: 19    XL:     1   Next: 40%
Magic:  1/1        EV:  7    Int:  8    God:
Gold:   17         SH:  9    Dex:  9    Spells: 0 memorised, 0 levels left

rFire  . . .     SeeInvis .     a - +0 war axe
rCold  . . .     Gourm    .     b - +0 scale mail
rNeg   + . .     Faith    .     c - +0 shield
rPois  ∞         Spirit   .     (no helmet)
rElec  +         Dismiss  .     (no cloak)
rCorr  .         Reflect  .     (no gloves)
SustAt .         Harm     .     (no boots)
MR     .....                    e - amulet of inaccuracy (curse)
Stlth  ..........               (no ring)
                                (no ring)

@: not resistant to hostile enchantments, extremely unstealthy
A: negative energy resistance 1, electricity resistance, unbreathing,
petrification resistance, rot immunity, AC +2
a: no special abilities


You were on level 1 of the Dungeon.
You were not hungry.

You visited 1 branch of the dungeon, and saw 1 of its levels.

You collected 17 gold pieces.


Innate Abilities, Weirdness & Mutations

You are resistant to torment.
Your stone body is resilient (AC +2).
You are immune to poison.
You resist negative energy. (rN+)
You are resistant to electric shocks. (rElec)
You can survive without breathing.
You are immune to petrification.
You are immune to rotting.


   Skills:
 - Level 3.2 Fighting
 + Level 2.0 Axes
 - Level 3.2 Armour
 - Level 3.2 Shields


You couldn't memorise any spells.
You didn't know any spells.

Inventory:

Hand Weapons
 a - a +0 war axe (weapon)
Armour
 b - a +0 scale mail (worn)
 c - a +0 shield (worn)
Jewellery
 e - a cursed amulet of inaccuracy (around neck)
Potions
 d - a potion of might
Comestibles
 f - a bread ration
 g - 2 fruits

Dungeon Overview and Level Annotations

Branches:
Dungeon (1/15)

Altars:


Message History

Found 16 gold pieces.
Found 17 gold pieces.
You now have 17 gold pieces.
A bat comes into view.
A bat comes into view.
The bat hits you but does no damage.
Found a scroll labeled YSCHAKA SUARCHU and a tiny zirconium amulet.
You closely miss the bat. You block the bat's attack.
The bat hits you but does no damage. x2
The bat hits you. You block the bat's attack.
Your shield and scale mail prevent you from hitting the bat.
The bat closely misses you. x2
You closely miss the bat. The bat barely misses you.
You block the bat's attack.
You miss the bat. The bat barely misses you. The bat closely misses you.
You block the bat's attack.
You miss the bat. You barely miss the bat.
The bat hits you but does no damage. x2
You block the bat's attack. x2
Found 6 gold pieces.
You block the bat's attack. x2
You slash the bat!
You kill the bat!
You block the bat's attack.
You slash the bat!
You kill the bat!
Your Axes skill increases to level 2!
No target in view!
No target in view!
No target in view!
No target in view!
No target in view!
No target in view!
No target in view!
No target in view!
No target in view!
No target in view!
No target in view!
No target in view!
No target in view!
No target in view!
You see here a bat corpse.
e - a tiny zirconium amulet Put on which piece of jewellery? (? for menu, Esc to quit)
Oops, that amulet feels deathly cold.
e - a cursed amulet of inaccuracy (around neck)
h - a scroll labeled YSCHAKA SUARCHU You see here a bat corpse.
As you read the scroll labeled YSCHAKA SUARCHU, it crumbles to dust.
You feel aware of your surroundings.
It was a scroll of magic mapping.
Are you sure you want to abandon this character and quit the game? (Confirm with "yes".)

#.#,,,,,,,,,,,,,,+,,,,,,,,,,,,,*
#.#**,,,,**,###**#....,,,,**,,,*
#.# *,,,,**,#...#....,,,,,,,,,,*
#.# *,,,,**,#..#...$.,,,,,,*****
#.# *,,,,**,#..#....,,,,,,,*****
#.# *,,,,**,#..#..#*******,,,,,,
#.# *,,,,**,#..#..#####***,*****
#.# *******,#..........,,*,* #.#
*,#..@..#*****,*** #.# *,#.%...#
*,* #.# *,#.%...# *,* #.#
*,#.....# *,* #.# *,##.#..#
*,******* #.# *,...#..#
*,,,,,,,, ##.##############..#
*,******* #..................#
*** ##################.#


There were no monsters in sight!

Action                   || total
-------------------------++-------
Melee: War axe           ||    26
  Use: Scroll            ||     1
Armor: Scale mail        ||     5
Dodge: Dodged            ||     5
Block: Shield            ||     9

Notes
Turn   | Place    | Note
--------------------------------------------------------------
     0 | D:1      | Duffy the Gargoyle Fighter began the quest for the Orb.
     0 | D:1      | Reached XP level 1. HP: 14/14 MP: 1/1
   235 | D:1      | Reached skill level 2 in Axes
   245 | D:1      | Quit the game

Skill      XL: |  1 |
---------------+----+-----
Axes           | 2 |  2.0
Fighting       | |  3.2
Armour         | |  3.2
Shields        | |  3.2

Vault maps used:
D:1:      roderic_crop_circles_arrival_small

Vanquished Creatures
  2 bats
  6 plants
8 creatures vanquished.
